 Dungeon Crawl Stone Soup version bcrawl-1.31 (webtiles) character file.

Game seed: 2600782390992086626

397552 Morbidden the Basher (level 11, 0/124 HPs)
             Began as an Ent Archaeologist on Apr 4, 2021.
             Was an Elder of Cheibriados.
             Slain by an orc warlord
             ... wielding a +0 long sword
              (7 damage)
             ... in the Orcish Mines.
             The game lasted 00:19:46 (8896 turns).

Morbidden the Basher (Ent Archaeologist)            Turns: 8896, Time: 00:19:46

Health: 0/124      AC: 18    Str: 34    XL:     11   Next: 25%
Magic:  18/18      EV: 19    Int: 32    God:    Cheibriados [****..]
Gold:   939        SH:  0    Dex: 22    Spells: 16/23 levels left

rFire    + + .     SeeInvis .   a - +3 battleaxe (chop)
rCold    + . .     Gourm    .   (no shield)
rNeg     + + +     Faith    .   (armour unavailable)
rPois    +         Spirit   .   f - +0 hat of the Pink Corner {rF+ rC+ Dex+4 Stlth-}
rElec    .         Reflect  .   (no cloak)
rCorr    .         Harm     .   (gloves unavailable)
MR       +....     Clarity  +   (boots unavailable) Stlth ++........Rnd*Tele +
                                H - amulet "Quntyz" {RegenMP *Drain rF+ Int+3}
HPRegen  0.30/turn              p - +4 ring of strength
MPRegen  0.41/turn              w - +3 ring of evasion

@: berserk cooldown, slowed, very slow
A: large, slow actions, passwall, strong branches, horns 1, clarity, low mp 1,
negative energy resistance 3, poison resistance, slow metabolism 1, strong 1,
teleportitis 1, torment resistance, unbreathing, AC +18
a: Passwall, Bend Time, Temporal Distortion, Slouch, Renounce Religion


You were in the Orcish Mines.
You worshipped Cheibriados.
Cheibriados was greatly pleased with you.
You were hungry.

You visited 3 branches of the dungeon, and saw 12 of its levels.

You collected 939 gold pieces.

Inventory:

Hand Weapons
 a - a +3 battleaxe of chopping (weapon)
 b - a +0 blowgun
 Q - a +0 morningstar
Missiles
 v - 43 poisoned needles
 E - 42 curare-tipped needles
 M - 37 needles of confusion
 R - 39 poisoned tomahawks (quivered)
Armour
 f - the +0 hat of the Pink Corner (worn) {rF+ rC+ Dex+4 Stlth-}
   (You acquired it on level 4 of the Dungeon)

   It affects your dexterity (+4).
   It protects you from fire.
   It protects you from cold.
   It makes you less stealthy.
 O - a +1 plate armour
Jewellery
 c - an uncursed ring of protection from cold
 n - an uncursed ring of see invisible
 p - a +4 ring of strength (left hand)
 w - a +3 ring of evasion (right hand)
 H - the amulet "Quntyz" (around neck) {RegenMP *Drain rF+ Int+3}
   (You found it on level 7 of the Dungeon)

   [amulet of magic regeneration]

   It increases your magic regeneration.
   It affects your intelligence (+3).
   It protects you from fire.
   It causes draining when unequipped.
 N - an uncursed amulet of guardian spirit
Wands
 d - a wand of acid (10)
 m - a wand of paralysis (8)
 F - a wand of disintegration (10)
 J - a wand of digging (10)
 L - a wand of iceblast (9)
 P - a wand of random effects (4)
Scrolls
 g - 4 scrolls of magic mapping
 h - 3 scrolls of remove curse
 i - a scroll of identify
 j - 4 scrolls of amnesia
 k - 3 scrolls of enchant armour
 t - a scroll of blinking {unknown}
 u - a scroll of immolation {unknown}
Potions
 l - 2 potions of brilliance
 r - a potion of lignification
 x - a potion of curing {unknown}
 z - 2 potions of might
 A - 2 potions of berserk rage
 C - a potion of flight {unknown}
 D - a potion of heal wounds {unknown}
 G - a potion of ambrosia {unknown}
 I - 2 potions of agility {unknown}
Comestibles
 e - 18 rations {!d}


   Skills:
 * Level 9.0 Fighting
   Level 1.7 Long Blades
 * Level 1.1(5.4) Axes
 * Level 12.8(12.9) Maces & Flails
 + Level 6.9 Dodging
 + Level 5.3 Stealth
 * Level 6.7 Spellcasting
 * Level 0.7 Conjurations
 * Level 1.0 Hexes
 * Level 4.5 Invocations
 + Level 0.1 Evocations


You had 16 spell levels left.
You knew the following spells:

 Your Spells              Type           Power        Failure   Level  Hunger
a - Mana Rupture          Conj/Hex       ###.......   100%        7    #######

Your spell library contained the following spells:

 Spells                   Type           Power        Failure   Level  Hunger
 Flame Tongue             Conj/Fire      ##...        3%          1    None
 Flaming Arrows           Chrm/Fire      ##......     6%          2    None
 Confuse                  Hex            ###.....     9%          3    #......
 Dazzling Orbs            Conj/Hex       ###....      9%          3    #......
 Conjure Flame            Conj/Fire      ##......     11%         3    #......
 Inner Flame              Hex/Fire       N/A          11%         3    #......
 Yara's Violent Unravell  Hex/Tmut       ##........   34%         4    ####...
 Sticky Flame             Conj/Fire      ##......     36%         4    ####...
 Petrify                  Tmut/Erth      ##........   38%         4    ####...
 Metabolic Englaciation   Hex/Ice        ##........   67%         5    #####..
 Fireball                 Conj/Fire      ##........   71%         5    #####..


Dungeon Overview and Level Annotations

Branches:
Dungeon (10/12)            Temple (1/1) D:5            Lair (0/6) D:7
    Orc (1/1) D:9             Elf (0/3) Orc

Altars:
Ashenzari
Cheibriados
Dithmenos
Fedhas
Gozag
Hepliaklqana
Kikubaaqudgha
Lugonu
Makhleb
Nemelex Xobeh
Sif Muna
Trog
Wu Jian
Xom
Beogh

Shops:
D:4 *   Orc :

Portals:
Trove: D:9 (give +7 plate armour)

Annotations:
D:5 1 runed door Orc Blork the orc, Urug


Innate Abilities, Weirdness & Mutations

You move and act slowly.
You can pass through walls and trees.
Your branches can wield two-handed weapons with a shield.
Your thick bark is tough. (AC +18)
You are too large for most types of armour.
You are immune to negative energy. (rN+++)
Your system is resistant to poisons. (rPois)
You have a slow metabolism.
You are immune to unholy pain and torment.
You can survive without breathing.
You have a pair of small horns on your head.
You possess an exceptional clarity of mind.
Your magical capacity is low. (-10% MP)
Your muscles are strong. (Str +2)
You are occasionally teleported next to monsters.


Message History

Cheibriados appreciates the change of pace.
You closely miss the warg.
You are no longer berserk.
You are exhausted.
You feel yourself slow down. The warg misses you.
The orc warlord completely misses you. The warg bites you but does no damage.
The orc warlord roars a battlecry!
The orc warrior goes into a battle-frenzy!
Your Fighting skill increases to level 9!
Unknown command.
You slash the orc warlord! You headbutt the orc warlord.
The orc warlord is severely wounded.
You slash the warg!
The orc warrior no longer looks unusually strong. x2
The warg barely misses you. x2
The orc warlord hits you but does no damage.
The warg misses you. The orc warlord closely misses you.
The warg completely misses you.
The orc warlord hits you with a +0 long sword!
You die...

.# .## ##)## ...
..[.# #..# ...##
....# ###
..)..........##.#
.........#....#..
###......#
#....#### # ......#
##..)@oo## ......#
#....#ho)#
...#..##...###OT.##
...#...#.. #oo)..##
... #......# ...
##.#...# #.
#...))## # ##.....
#....##


You could see an orc warlord, a troll, a warg, 3 orc warriors and an ogre.

Vanquished Creatures
  Sonja (D:10)
  A skeletal warrior (D:7)
  Pikel (D:5)
  A troll (Orc)
  Prince Ribbit (D:5)
  3 slime creatures (D:9)
  2 hippogriffs (D:7)
  A spriggan (D:7)
  A wyvern (D:9)
  A yak (D:4)
  2 hungry ghosts
  Eustachio (D:5)
  Menkaure (D:4)
  A warg (Orc)
  2 crocodiles (D:7)
  A water moccasin (D:7)
  Duvessa (D:4)
  2 porcupines (D:7)
  5 sky beasts
  An ice beast (D:8)
  11 orc warriors
  A black bear (D:7)
  A necrophage (D:8)
  2 phantoms
  5 ogres
  3 centaurs
  3 bullfrogs
  A big kobold (D:6)
  A scorpion (D:8)
  Dowan (D:4)
  A water moccasin skeleton (D:6)
  9 killer bees
  A howler monkey (D:5)
  2 crimson imps
  2 hounds
  2 quasits
  2 centaur zombies
  4 jellies
  8 orc priests
  5 orc wizards
  A bullfrog skeleton (D:8)
  2 centaur skeletons
  An iguana (D:5)
  8 worker ants
  2 hound zombies
  A worker ant zombie (D:5)
  A gnoll (D:5)
  14 adders
  A shadow imp (D:5)
  4 adder skeletons
  A worm (D:2)
  A dart slug (D:1)
  4 leopard geckos
  39 orcs
  A ball python (D:4)
  2 bats
  2 giant cockroaches (D:3)
  7 hobgoblins
  5 jackals
  5 quokkas
  3 frilled lizards
  8 kobolds
  5 rats
213 creatures vanquished.

Vanquished Creatures (others)
  2 bullfrogs (D:6)
  A hound (D:6)
  An orc wizard (D:6)
  An adder (D:6)
  12 fungi (D:7)
  A plant (D:7)
18 creatures vanquished.

Grand Total: 231 creatures vanquished

Notes
Turn   | Place    | Note
-------+----------+-------------------------------------------
     0 | D:1      | Morbidden the Ent Archaeologist began the quest for the
                  | Orb.
     0 | D:1      | Reached XP level 1. HP: 21/21 MP: 1/1
   208 | D:1      | Reached XP level 2. HP: 18/29 MP: 2/2
   816 | D:2      | Found a shimmering blue altar of Sif Muna.
  1387 | D:3      | Reached XP level 3. HP: 37/37 MP: 3/3
  1657 | D:3      | Reached skill level 2 in Maces & Flails
  1734 | D:3      | Reached skill level 1 in Spellcasting
  1980 | D:4      | Noticed Menkaure
  1993 | D:3      | Reached XP level 4. HP: 24/47 MP: 5/5
  2134 | D:4      | Gained mutation: You are occasionally teleported next to
                  | monsters. [potion of mutation]
  2134 | D:4      | Gained mutation: Your spells are a little harder to cast,
                  | but a little more powerful. [potion of mutation]
  2134 | D:4      | Gained mutation: You possess an exceptional clarity of
                  | mind. [potion of mutation]
  2134 | D:4      | Gained mutation: You are partially covered in large bone
                  | plates. (SH +4) [potion of mutation]
  2141 | D:4      | Killed Menkaure
  2142 | D:4      | Reached skill level 1 in Long Blades
  2142 | D:4      | Reached XP level 5. HP: 33/57 MP: 5/8
  2142 | D:4      | Identified a scroll of acquirement
  2145 | D:4      | Identified the +8 fustibalus of Zuclaf {speed, rF+} (You
                  | acquired it on level 4 of the Dungeon)
  2145 | D:4      | Identified the +0 hat of the Pink Corner {rF+ rC+ Dex+4
                  | Stlth-} (You acquired it on level 4 of the Dungeon)
  2233 | D:4      | Reached skill level 3 in Maces & Flails
  2233 | D:4      | Reached XP level 6. HP: 64/65 MP: 9/9
  2241 | D:4      | Found Qypsediss's Assorted Antiques.
  2372 | D:4      | Noticed Duvessa
  2376 | D:4      | Noticed Dowan
  2401 | D:4      | Killed Dowan
  2415 | D:4      | Killed Duvessa
  2416 | D:4      | Reached XP level 7. HP: 24/75 MP: 9/11
  2533 | D:4      | Noticed a yak
  2550 | D:4      | Killed a yak
  2551 | D:4      | Reached skill level 4 in Maces & Flails
  2656 | D:4      | Found a shadowy altar of Dithmenos.
  2992 | D:5      | Entered Level 5 of the Dungeon
  3183 | D:5      | Noticed Prince Ribbit
  3214 | D:5      | Reached skill level 5 in Maces & Flails
  3388 | D:5      | Found a staircase to the Ecumenical Temple.
  3501 | Temple   | Entered the Ecumenical Temple
  3507 | Temple   | Became a worshipper of Cheibriados the Contemplative
  3787 | D:5      | Found a runed door.
  3812 | D:5      | Noticed Pikel
  3820 | D:5      | Killed Pikel
  3821 | D:5      | Reached skill level 5 in Fighting
  3821 | D:5      | Reached skill level 6 in Maces & Flails
  3821 | D:5      | Reached skill level 5 in Dodging
  3821 | D:5      | Reached XP level 8. HP: 82/88 MP: 12/14
  4036 | D:5      | Killed Prince Ribbit
  4037 | D:5      | Reached skill level 7 in Maces & Flails
  4333 | D:5      | Noticed Eustachio
  4343 | D:5      | Killed Eustachio
  4504 | D:6      | Reached * piety under Cheibriados
  4534 | D:6      | Reached skill level 8 in Maces & Flails
  4534 | D:6      | Reached XP level 9. HP: 96/98 MP: 15/15
  4537 | D:6      | Found a shimmering altar of Xom.
  4969 | D:6      | Reached skill level 5 in Stealth
  5072 | D:6      | Reached ** piety under Cheibriados
  5073 | D:6      | Reached skill level 9 in Maces & Flails
  5435 | D:7      | Noticed a skeletal warrior
  5572 | D:7      | Reached skill level 5 in Spellcasting
  5580 | D:7      | Reached skill level 10 in Maces & Flails
  5660 | D:7      | Reached skill level 1 in Invocations
  5955 | D:7      | Got a scintillating jade amulet
  5961 | D:7      | Identified the amulet "Quntyz" {RegenMP *Drain rF+ Int+3}
                  | (You found it on level 7 of the Dungeon)
  5993 | D:7      | Killed a skeletal warrior
  5994 | D:7      | Reached skill level 11 in Maces & Flails
  5994 | D:7      | Reached XP level 10. HP: 30/110 MP: 18/18
  6152 | D:7      | Reached *** piety under Cheibriados
  6300 | D:7      | Found a staircase to the Lair.
  6898 | D:8      | Reached skill level 12 in Maces & Flails
  7137 | D:8      | Reached **** piety under Cheibriados
  7437 | D:9      | Found a portal to a secret trove of treasure.
  7555 | D:9      | Found a staircase to the Orcish Mines.
  7595 | D:9      | Found an ancient bone altar of Kikubaaqudgha.
  7630 | D:9      | Found a roughly hewn altar of Beogh.
  8063 | D:10     | Entered Level 10 of the Dungeon
  8128 | D:10     | Noticed Sonja
  8183 | D:10     | Killed Sonja
  8283 | D:10     | Reached XP level 11. HP: 121/121 MP: 20/20
  8300 | D:10     | Learned a level 7 spell: Mana Rupture
  8673 | Orc      | Entered the Orcish Mines
  8795 | Orc      | Found a roughly hewn altar of Beogh.
  8795 | Orc      | Found Orgh's Book Shoppe.
  8795 | Orc      | Noticed Blork the orc
  8795 | Orc      | Noticed an orc knight
  8795 | Orc      | Noticed an orc sorcerer
  8795 | Orc      | Noticed an orc knight
  8795 | Orc      | Noticed an orc sorcerer
  8796 | Orc      | Noticed an orc warlord
  8796 | Orc      | Noticed Urug
  8809 | Orc      | Reached skill level 1 in Hexes
  8809 | Orc      | Found a staircase to the Elven Halls.
  8811 | Orc      | Noticed an orc knight
  8829 | Orc      | Lost mutation: You are partially covered in large bone
                  | plates. (SH +4) [potion of mutation]
  8829 | Orc      | Lost mutation: Your spells are a little harder to cast, but
                  | a little more powerful. [potion of mutation]
  8829 | Orc      | Gained mutation: Your muscles are strong. (Str +2) [potion
                  | of mutation]
  8829 | Orc      | Gained mutation: Your magical capacity is low. (-10% MP)
                  | [potion of mutation]
  8829 | Orc      | Gained mutation: You have a pair of small horns on your
                  | head. [potion of mutation]
  8887 | Orc      | Reached skill level 1 in Axes
  8894 | Orc      | HP: 8/181 [orc warlord/+0 long sword (11)]
  8896 | Orc      | Slain by an orc warlord

Skill      XL: |  1  2  3  4  5  6  7  8  9 10 11 |
---------------+----------------------------------+-----
Dodging        | 3 4 5 6 |  6.9
Stealth        | 4 5 |  5.3
Fighting       | 2 3 4 5 6 7 8 9 |  9.0
Maces & Flails | 2 3 6 8 11 12 | 12.8
Spellcasting   | 1 2 4 5 6 |  6.7
Long Blades    | 1 |  1.7
Invocations    | 2 4 |  4.5
Hexes          | 1 |  1.0
Axes           | 1 |  1.1
Conjurations   | |  0.7
Evocations     | |  0.1

Action                   |  1- 3 |  4- 6 |  7- 9 | 10-12 || total
-------------------------+-------+-------+-------+-------++-------
Melee: Whip              |   125 |       |       |       ||   125
       Morningstar       |    50 |    33 |   409 |   263 ||   755
       Falchion          |    13 |    42 |       |       ||    55
       Battleaxe         |       |       |       |    37 ||    37
       Headbutt          |       |       |       |    10 ||    10
 Fire: Blowgun           |       |       |     6 |    12 ||    18
Throw: Tomahawk          |       |       |       |     6 ||     6
Invok: Slouch            |       |       |       |     2 ||     2
Evoke: Wand              |       |       |     1 |       ||     1
  Use: Scroll            |     5 |     2 |     7 |     8 ||    22
       Potion            |       |     3 |     1 |     3 ||     7
 Stab: Sleeping          |     4 |       |     2 |     8 ||    14
  Eat: Chunk             |     9 |     3 |    21 |    14 ||    47
       Ration            |       |       |     1 |       ||     1
Armor: Skin              |   141 |    49 |   228 |   166 ||   584
Dodge: Dodged            |   185 |   103 |   460 |   462 ||  1210
Block: Other             |       |    16 |    96 |    90 ||   202
